 Dungeon Crawl Stone Soup version 0.29-a0-998-g1987434951 (webtiles) character file.

Game seed: 17414151220697764901

3 siradein the Digger (level 1, 0/13 HPs)
             Began as a Demonspawn Earth Elementalist on Aug 5, 2022.
             Slain by a bat (1 damage)
             ... on level 1 of the Dungeon.
             The game lasted 00:00:22 (197 turns).

siradein the Digger (Demonspawn Earth Elementalist)  Turns: 197, Time: 00:00:23

Health: 0/13       AC:  2    Str:  8    XL:     1   Next: 41%
Magic:  1/3        EV: 12    Int: 16    God:
Gold:   0          SH:  0    Dex: 13    Spells: 3/4 levels left

rFire   . . .      SeeInvis .   (no weapon)
rCold   . . .      Faith    .   (no shield)
rNeg    . . .      Spirit   .   a - +0 robe
rPois   .          Reflect  .   (no helmet)
rElec   .          Harm     .   (no cloak)
rCorr   .          Rampage  .   (no gloves)
Will    .....                   (no boots)
Stlth   ++........              (no amulet)
HPRegen 0.04/turn               (no ring)
MPRegen 0.08/turn               (no ring)

@: no status effects
A: no striking features
a: no special abilities


You were on level 1 of the Dungeon.
You visited 1 branch of the dungeon, and saw 1 of its levels.

Inventory:

Armour
 a - a +0 robe (worn)
Potions
 b - a potion of magic
 c - a potion of heal wounds {unknown}
 d - a potion of haste {unknown}


   Skills:
 - Level 1.7 Dodging
 - Level 1.7 Stealth
 + Level 2.1 Spellcasting
 - Level 0.8 Transmutations
 + Level 2.8 Earth Magic


You had 3 spell levels left.
You knew the following spells:

 Your Spells              Type           Power      Damage    Failure   Level
a - Sandblast             Erth           20%        2d7       6%          1

Your spell library contained the following spells:

 Spells                   Type           Power      Damage    Failure   Level
 Passwall                 Tmut/Erth      5%         N/A       14%         2
 Stone Arrow              Conj/Erth      12%        3d7       34%         3
 Petrify                  Tmut/Erth      7%         N/A       67%         4


Dungeon Overview and Level Annotations

Branches:
Dungeon (1/15)

Altars:


Message History

The hobgoblin completely misses you. The hobgoblin hits you.
There are monsters nearby!
There are monsters nearby!
You are out of magic!
You are out of magic!
There are monsters nearby!
There are monsters nearby!
You closely miss the hobgoblin.
The hobgoblin is almost dead.
The bat barely misses you.
A giant cockroach comes into view.
A rat comes into view.
The hobgoblin misses you.
You hit the hobgoblin but do no damage.
The hobgoblin is almost dead.
The bat hits you. The hobgoblin hits you. The bat closely misses you.
You hit the hobgoblin but do no damage.
The hobgoblin is almost dead.
The bat closely misses you.
The hobgoblin hits you but does no damage.
You hit the hobgoblin but do no damage.
The hobgoblin is almost dead.
The bat hits you but does no damage. The hobgoblin closely misses you.
The bat closely misses you. The rat attacks as you move away!
The rat bites you. The bat hits you but does no damage. The bat misses you.
The hobgoblin attacks as you move away! The hobgoblin misses you.
The bat hits you but does no damage. The rat attacks as you move away!
The rat bites you but does no damage. The bat misses you.
The bat attacks as you move away! The bat closely misses you. The bat hits you.
The bat attacks as you move away! The bat hits you.
* * * LOW HITPOINT WARNING * * *
The bat hits you but does no damage. The rat attacks as you move away!
The rat bites you.
* * * LOW HITPOINT WARNING * * *
The bat hits you but does no damage. The bat attacks as you move away!
The bat misses you. The bat hits you but does no damage. The bat hits you.
You die...

#####.###### . ....... ..######
#. #..#..###.#.... #..
#..#..##......#
...#..#..##..#...# #
.....#......#.#.# #
..#.#.####.b.##...#.#.#.#.#
..........@rg.B............
#.#.#.#####...##........#.. #.#
#..............†....... #
#.#.####........†..........
#.#.#.....>.....)............
#.#.#.####.......####.#........
#........'.......# #.#.####...
###.#.##.#.......# #.#.. ... ..
#.##.#.......# #. .#


You could see a giant cockroach, a hobgoblin, a bat and a rat.

Vanquished Creatures
  A hobgoblin (D:1)
  A ball python (D:1)
  A bat (D:1)
  A rat (D:1)
4 creatures vanquished.

Notes
Turn   | Place    | Note
-------+----------+-------------------------------------------
     0 | D:1      | siradein the Demonspawn Earth Elementalist began the quest
                  | for the Orb.
     0 | D:1      | Reached XP level 1. HP: 13/13 MP: 3/3
   197 | D:1      | Slain by a bat

Illustrated notes

Levels and vault maps discovered:
D:1:      dpeg_arrival_oval, layout_basic, ebering_ecumenical_altar_webs,
          chequers_decorated_corner

Action                   || total
-------------------------++-------
Melee: Unarmed           ||     4
 Cast: Sandblast         ||     7
Armor: Robe              ||     8
Dodge: Dodged            ||    15

Table legend: (Time is in decaauts)
 A = Elapsed time spent in this place.
 B = Non-inter-level travel time spent in this place.
 C = Inter-level travel time spent in this place.
 D = Time resting spent in this place.
 E = Time spent auto-exploring this place.
 F = Levels seen in this place.
 G = Mean time per level.
                   A        B        C        D        E       F      G
               +--------+--------+--------+--------+--------+-----+--------+
         Total |    204 |    204 |      0 |      0 |    158 |   1 |  204.0 |
       Dungeon |    204 |    204 |      0 |      0 |    158 |   1 |  204.0 |
               +--------+--------+--------+--------+--------+-----+--------+

Top non-repeatable levels by time:
     D:1: 204 daAuts
